 Dungeon Crawl Stone Soup version 0.30.0-30-g96aa6591b8 (webtiles) character file.

Game seed: 13454847480306856915

18 H0rd4k the Charlatan (level 2, -2/21 HPs)
             Began as a Human Artificer on June 26, 2023.
             Killed from afar by Natasha (9 damage)
             ... with a magic dart
             ... on level 2 of the Dungeon.
             The game lasted 00:00:45 (845 turns).

H0rd4k the Charlatan (Human Artificer)               Turns: 845, Time: 00:00:45

Health: -2/21      AC:  4    Str: 12    XL:     2   Next: 85%
Magic:  2/2        EV: 11    Int: 11    God:
Gold:   75         SH:  0    Dex: 13    Spells: 1/1 levels left

rFire   . . .        a - +0 club
rCold   . . .        (no shield)
rNeg    . . .        b - +0 leather armour
rPois   .            (no helmet)
rElec   .            (no cloak)
rCorr   .            m - +0 pair of gloves
SInv    .            (no boots)
Will    .....        (no amulet)
Stlth   +            (no ring)
HPRegen 0.23/turn    (no ring)
MPRegen 0.08/turn

%: no passive effects
@: no status effects
A: no striking features
a: no special abilities


You were on level 2 of the Dungeon.
You visited 1 branch of the dungeon, and saw 2 of its levels.

You collected 75 gold pieces.

Inventory:

Hand Weapons
 a - a +0 club (weapon)
Armour
 b - a +0 leather armour (worn)
 m - a +0 pair of gloves (worn)
Jewellery
 j - a +6 ring of intelligence
Wands
 c - a wand of flame (15) (quivered)
 d - a wand of charming (8)
 e - a wand of iceblast (5)
Scrolls
 g - 2 scrolls of teleportation {unknown}
Potions
 f - a potion of flight {unknown}
 h - a potion of haste {unknown}
 i - 2 potions of heal wounds {unknown}
 k - a potion of mutation {unknown}
 l - a potion of curing {unknown}


   Skills:
 + Level 1.1 Fighting
 + Level 0.8 Maces & Flails
 + Level 2.3 Armour
 + Level 1.0 Dodging
 + Level 1.0 Stealth
 + Level 3.4 Evocations


You had one spell level left.
You didn't know any spells.
Your spell library was empty.

Dungeon Overview and Level Annotations

Branches:
Dungeon (2/15)

Altars:

Annotations:
D:2 Natasha


Message History

The ball python constricts you.
Natasha mumbles some strange words.
Natasha glows brightly for a moment.
The ball python bites you but does no damage.
The ball python constricts you.
You hit the ball python.
You kill the ball python!
You miss Natasha. Natasha claws you.
The cerulean imp hits you but does no damage.
Natasha barely misses you.
Aiming: Charm
Press: ? - help, Shift-Dir - straight line, f - Natasha
Aim: Natasha (chance to affect: 58%) Natasha resists with significant effort.
The cerulean imp hits you from afar with a +1 spear.
Natasha mumbles some strange words.
Unknown command.
Aiming: Charm
Press: ? - help, Shift-Dir - straight line, f/p - Natasha
Aim: Natasha (chance to affect: 58%) Natasha resists with significant effort.
The cerulean imp hits you from afar with a +1 spear.
Natasha wildly gestures.
Natasha's front paws start to glow.
Natasha barely misses you. The cerulean imp closely misses you.
Aiming: Charm
Press: ? - help, Shift-Dir - straight line, f/p - Natasha
Aim: Natasha (chance to affect: 58%) Natasha resists with significant effort.
The cerulean imp hits you but does no damage.
Natasha barely misses you.
The cerulean imp hits you with a +0 spear.
Aiming: Charm
Press: ? - help, Shift-Dir - straight line, f/p - Natasha
Aim: Natasha (chance to affect: 58%) Natasha resists with significant effort.
The cerulean imp barely misses you.
Natasha stares at you and mumbles some strange words.
The magic dart hits you!
You die...

......########.#
###....# #.#
#.... #.#
###.#######.
#...........
#.#.########
##...#
######.5###
.......@#
#######h# #5#
#.# #.# #.# #..
###


You could see Natasha and 2 cerulean imps.

Vanquished Creatures
  An endoplasm (D:1)
  4 hobgoblins (D:1)
  A kobold (D:1)
  2 quokkas (D:1)
  3 ball pythons
  A frilled lizard (D:1)
  A rat (D:1)
13 creatures vanquished.

Vanquished Creatures (collateral kills)
  An endoplasm (D:1)
  A quokka (D:1)
  A rat (D:1)
3 creatures vanquished.

Grand Total: 16 creatures vanquished

Notes
Turn   | Place    | Note
-------+----------+-------------------------------------------
     0 | D:1      | H0rd4k the Human Artificer began the quest for the Orb.
     0 | D:1      | Reached XP level 1. HP: 15/15 MP: 1/1
   174 | D:1      | Reached XP level 2. HP: 15/21 MP: 2/2
   833 | D:2      | Noticed Natasha
   845 | D:2      | Killed from afar by Natasha

Illustrated notes

Levels and vault maps discovered:
D:1:      dpeg_chamrin_arrival_tetris, layout_basic
D:2:      layout_basic, uniq_natasha, uniq_robin

Action                     || total
---------------------------++-------
  Melee: Club              ||    51
         Punch             ||     2
  Evoke: Wand              ||     7
 Armour: Leather armour    ||    17
  Dodge: Dodged            ||    36
